 Dungeon Crawl Stone Soup version 0.27-a0-1301-g128193abf8 (webtiles) character file.

Game seed: 9566416017959821609

1449 Johnny the Magician (level 8, -2/51 HPs)
             Began as a Deep Elf Earth Elementalist on June 16, 2021.
             Slain by Edmund (19 damage)
             ... on level 5 of the Dungeon.
             The game lasted 00:07:34 (7633 turns).

Johnny the Magician (Deep Elf Earth Elementalist)   Turns: 7633, Time: 00:07:34

Health: -2/51      AC:  5    Str:  5    XL:     8   Next: 46%
Magic:  12/21      EV: 12    Int: 23    God:
Gold:   187        SH:  0    Dex: 15    Spells: 9/22 levels left

rFire    + . .     SeeInvis .   r - +4 quarterstaff (chaos)
rCold    + . .     Faith    .   (shield currently unavailable)
rNeg     . . .     Spirit   .   i - +2 robe {rC+ rF+}
rPois    .         Reflect  .   (no helmet)
rElec    .         Harm     .   s - +0 cloak
rCorr    .         Rampage  .   (no gloves)
Will     .....                  (no boots)
Stlth    ++........             (no amulet)
HPRegen  0.17/turn              (no ring)
MPRegen  0.17/turn              (no ring)

@: no status effects
A: no striking features
a: no special abilities


You were on level 5 of the Dungeon.
You visited 1 branch of the dungeon, and saw 5 of its levels.

You collected 274 gold pieces.
You spent 87 gold pieces at shops.

Inventory:

Hand Weapons
 f - a +0 short sword
 r - a +4 quarterstaff of chaos (weapon)
Missiles
 h - 58 stones
Armour
 i - a +2 robe of resistance (worn)
 s - a +0 cloak (worn)
Jewellery
 b - a ring of flight
 j - an amulet of regeneration
 n - a ring of ice
Scrolls
 a - a scroll of fear
 d - 3 scrolls of amnesia
 g - 5 scrolls of identify
 l - 2 scrolls of silence {unknown}
 m - a scroll of vulnerability {unknown}
 u - a scroll of summoning {unknown}
Potions
 c - a potion of brilliance
 e - a potion of berserk rage
 k - a potion of haste {unknown}
 o - 2 potions of lignification
 p - a potion of heal wounds {unknown}
 q - 2 potions of degeneration {unknown}
 t - a potion of mutation {unknown}
 v - a potion of cancellation {unknown}


   Skills:
 * Level 6.1 Fighting
 - Level 2.4 Dodging
 - Level 2.4 Stealth
 + Level 7.5 Spellcasting
 - Level 1.1 Transmutations
 + Level 6.6 Earth Magic


You had 9 spell levels left.
You knew the following spells:

 Your Spells              Type           Power      Damage    Failure   Level
a - Sandblast             Erth           78%        2d17      1%          1
b - Stone Arrow           Conj/Erth      46%        3d9       5%          3
c - Lee's Rapid Deconstr  Erth           19%        3d12*     14%         5
d - Petrify               Tmut/Erth      26%        N/A       16%         4

Your spell library contained the following spells:

 Spells                   Type           Power      Damage    Failure   Level
 Passwall                 Tmut/Erth      21%        N/A       2%          2
 Corona                   Hex            8%         N/A       8%          1
 Ensorcelled Hibernation  Hex/Ice        16%        N/A       11%         2
 Confusing Touch          Hex            8%         N/A       22%         3
 Dazzling Flash           Conj/Hex       16%        N/A       22%         3
 Gell's Gravitas          Tloc           4%         N/A       22%         3
 Tukima's Dance           Hex            8%         N/A       22%         3
 Yara's Violent Unravell  Hex/Tmut       5%         3d4       85%         5
 Metabolic Englaciation   Hex/Ice        4%         N/A       90%         5


Dungeon Overview and Level Annotations

Branches:
Dungeon (5/15)
 Temple: D:4-7

Altars:
Sif Muna
Vehumet
Xom
Zin
The Shining One

Shops:
D:1 =   D:4 ((

Annotations:
D:3 2 transporters, Delamore's ghost, weakling DjFE
D:5 Edmund


Message History

The stone arrow hits Edmund!!
Edmund is severely wounded.
Edmund drinks a potion.
Edmund goes berserk!
No previous command to re-do.
No previous command to re-do.
No previous command to re-do.
No previous command to re-do.
Casting: Stone Arrow (dangerous; 5% risk of failure)
Confirm with . or Enter, or press ? or * to list all spells.
Aiming: Sandblast (safe; 1% risk of failure)
Press: ? - help, Shift-Dir - straight line, f/p - Edmund
Aim: Edmund, wielding a +3 flail of protection, wearing a +0 chain mail and quivering stones (severely wounded, berserk, 87% to hit)
The blast of sand hits Edmund.
Edmund is severely wounded.
Casting: Sandblast (safe; 1% risk of failure)
Confirm with . or Enter, or press ? or * to list all spells.
Aiming: Sandblast (safe; 1% risk of failure)
Press: ? - help, Shift-Dir - straight line, f/p - Edmund
Aim: Edmund, wielding a +3 flail of protection, wearing a +0 chain mail and quivering stones (severely wounded, berserk, 87% to hit)
The blast of sand hits Edmund but does no damage.
Edmund is severely wounded.
Edmund hits you with a +3 flail of protection!
Casting: Sandblast (safe; 1% risk of failure)
Confirm with . or Enter, or press ? or * to list all spells.
Aiming: Sandblast (safe; 1% risk of failure)
Press: ? - help, Shift-Dir - straight line, f/p - Edmund
Aim: Edmund, wielding a +3 flail of protection, wearing a +0 chain mail and quivering stones (severely wounded, berserk, 87% to hit)
The blast of sand hits Edmund.
Edmund is severely wounded.
Edmund hits you with a +3 flail of protection!
Casting: Sandblast (safe; 1% risk of failure)
Confirm with . or Enter, or press ? or * to list all spells.
Aiming: Sandblast (safe; 1% risk of failure)
Press: ? - help, Shift-Dir - straight line, f/p - Edmund
Aim: Edmund, wielding a +3 flail of protection, wearing a +0 chain mail and quivering stones (severely wounded, berserk, 87% to hit)
The blast of sand hits Edmund.
Edmund is severely wounded.
Edmund hits you with a +3 flail of protection.
Edmund hits you with a +3 flail of protection!!
You die...

#.#.###..###(.
#.#.###..# #..
###.#.##...###..
#...............
#.....##...###..
#..........# #..
#..)).##...###..
########.#.#...........
#.....@@.#.####..####.#
#.######.#............#
#.# #.######.#######
#.# #.# #.# #.# #.# #.#
#.# #.# #.. #.# #.# #.#
#.# ##.## #.# #.#
#...## #.#.#


You could see Edmund (berserk).

Vanquished Creatures
  Prince Ribbit (D:5)
  Menkaure (D:5)
  2 necrophages
  An ogre (D:5)
  Blork the orc (D:5)
  A scorpion (D:5)
  A wyvern zombie (D:5)
  3 centaur zombies (D:5)
  An orc priest (D:4)
  A bullfrog skeleton (D:5)
  2 centaur skeletons (D:5)
  2 hounds
  3 jellies (D:5)
  Crazy Yiuf (D:4)
  Jessica (D:2)
  Natasha (D:2)
  An iguana (D:3)
  An orc wizard (D:5)
  Robin (D:2)
  An adder (D:2)
  4 gnolls (D:4)
  An ufetubus (D:4)
  2 dart slugs
  A worm (D:4)
  13 orcs
  12 endoplasms
  2 giant cockroaches (D:4)
  13 goblins
  7 hobgoblins
  8 jackals
  4 quokkas
  5 ball pythons
  4 bats
  4 frilled lizards (D:1)
  3 kobolds
  3 rats (D:1)
113 creatures vanquished.

Notes
Turn   | Place    | Note
-------+----------+-------------------------------------------
     0 | D:1      | Johnny the Deep Elf Earth Elementalist began the quest for
                  | the Orb.
     0 | D:1      | Reached XP level 1. HP: 10/10 MP: 6/6
   268 | D:1      | Found a faded altar of an unknown god.
   738 | D:1      | Reached XP level 2. HP: 16/16 MP: 2/8
   828 | D:1      | Reached skill level 1 in Fighting
  1231 | D:1      | Found Feipank's Jewellery Shop.
  1421 | D:1      | Reached XP level 3. HP: 20/20 MP: 5/10
  1515 | D:1      | HP: 1/20 [quokka (4)]
  1823 | D:1      | Learned a level 3 spell: Stone Arrow
  1970 | D:2      | Noticed Robin
  2657 | D:2      | Noticed Jessica
  2932 | D:2      | Killed Robin
  3326 | D:2      | Reached skill level 4 in Spellcasting
  3326 | D:2      | Reached XP level 4. HP: 26/26 MP: 8/12
  3401 | D:2      | Killed Jessica
  3671 | D:2      | Found a glowing silver altar of Zin.
  3677 | D:2      | Noticed Natasha
  3683 | D:2      | Killed Natasha
  3825 | D:3      | Noticed Delamore's ghost (weakling DjFE)
  3826 | D:3      | Found a transporter.
  3919 | D:3      | Reached XP level 5. HP: 31/31 MP: 11/13
  3970 | D:3      | Found a transporter.
  4039 | D:3      | Found a shimmering altar of Xom.
  4134 | D:3      | Found a shimmering blue altar of Sif Muna.
  4642 | D:4      | Found a glowing golden altar of the Shining One.
  5198 | D:4      | Found Cong's Weapon Shop.
  5205 | D:4      | Bought 12 stones for 13 gold pieces
  5205 | D:4      | Bought 28 stones for 30 gold pieces
  5476 | D:4      | Found a runed translucent door.
  5477 | D:4      | Noticed Crazy Yiuf
  5666 | D:4      | Found Tekan's Weapon Shoppe.
  5666 | D:4      | Noticed a necrophage
  5673 | D:4      | Killed a necrophage
  5674 | D:4      | Reached skill level 5 in Spellcasting
  5674 | D:4      | Reached XP level 6. HP: 32/37 MP: 10/15
  5730 | D:4      | Bought 17 stones for 23 gold pieces
  5730 | D:4      | Bought 15 stones for 21 gold pieces
  5906 | D:4      | Killed Crazy Yiuf
  6024 | D:5      | Entered Level 5 of the Dungeon
  6035 | D:5      | Reached skill level 5 in Earth Magic
  6112 | D:5      | Reached XP level 7. HP: 43/43 MP: 10/17
  6125 | D:5      | Learned a level 5 spell: Lee's Rapid Deconstruction
  6130 | D:5      | Learned a level 4 spell: Petrify
  6277 | D:5      | Found a radiant altar of Vehumet.
  6361 | D:5      | Reached skill level 6 in Spellcasting
  6637 | D:5      | Noticed Menkaure
  6638 | D:5      | Noticed Edmund
  6641 | D:5      | Killed Menkaure
  6642 | D:5      | Reached skill level 5 in Fighting
  7137 | D:5      | Noticed Prince Ribbit
  7145 | D:5      | Killed Prince Ribbit
  7146 | D:5      | Reached skill level 7 in Spellcasting
  7146 | D:5      | Reached XP level 8. HP: 50/50 MP: 11/20
  7248 | D:5      | Noticed Blork the orc
  7264 | D:5      | Killed Blork the orc
  7633 | D:5      | Slain by Edmund

Illustrated notes

Levels and vault maps discovered:
D:1:      dpeg_arrival_tiny_k, layout_rooms, serial_shops,
          nicolae_lakefront_shop, ebering_ecumenical_altar_abandoned,
          minmay_pentomino_x4
D:2:      layout_rooms, basic_altar, uniq_robin, uniq_jessica, uniq_natasha
D:3:      layout_rooms, nicolae_overflow_hidden_temple, lemuel_crystal_altar,
          gammafunk_ghost_arena
D:4:      cheibrodos_pilgrimage, layout_basic, nicolae_overflow_crystal_walls,
          serial_shops, kennysheep_little_box, shop, uniq_crazy_yiuf_cottage
D:5:      layout_loops_ring, lemuel_doored_altar, kennysheep_generic_room_3,
          uniq_blork_the_orc, uniq_prince_ribbit1, uniq_edmund, uniq_menkaure

Skill      XL: |  1  2  3  4  5  6  7  8 |
---------------+-------------------------+-----
Fighting       | 1 2 3 4 5 6 |  6.1
Spellcasting   | 4 5 7 |  7.5
Earth Magic    | 4 5 6 |  6.6
Dodging        | |  2.4
Stealth        | |  2.4
Transmutations | |  1.1

Action                   |  1- 3 |  4- 6 |  7- 9 || total
-------------------------+-------+-------+-------++-------
Melee: Unarmed           |     5 |       |       ||     5
       Dagger            |    31 |       |       ||    31
       Short sword       |     1 |     4 |       ||     5
       Quarterstaff      |       |    10 |    20 ||    30
 Cast: Sandblast         |    37 |    59 |    27 ||   123
       Stone Arrow       |    18 |    13 |    20 ||    51
  Use: Potion            |     2 |       |       ||     2
       Scroll            |       |     4 |       ||     4
 Stab: Sleeping          |       |     2 |       ||     2
Armor: Robe              |    17 |     5 |    19 ||    41
       Skin              |    16 |       |       ||    16
Dodge: Dodged            |    81 |    34 |    33 ||   148

Table legend: (Time is in decaauts)
 A = Elapsed time spent in this place.
 B = Non-inter-level travel time spent in this place.
 C = Inter-level travel time spent in this place.
 D = Time resting spent in this place.
 E = Time spent auto-exploring this place.
 F = Levels seen in this place.
 G = Mean time per level.
                   A        B        C        D        E       F      G
               +--------+--------+--------+--------+--------+-----+--------+
         Total |   7673 |   7447 |    226 |   2434 |   4188 |   5 | 1534.6 |
       Dungeon |   7673 |   7447 |    226 |   2434 |   4188 |   5 | 1534.6 |
               +--------+--------+--------+--------+--------+-----+--------+

Top non-repeatable levels by time:
     D:1: 3248 daAuts
     D:4: 1789 daAuts
     D:5: 1364 daAuts
     D:3: 673 daAuts
     D:2: 597 daAuts
